 Dungeon Crawl Stone Soup version 0.19-a0-599-g723c685 (webtiles) character file.

147 namelastname112 the Grasshopper (level 5, -2/45 HPs)
             Began as a Draconian Warper on June 11, 2016.
             Was a Follower of Ashenzari.
             Slain by a centaur (6 damage)
             ... on level 4 of the Dungeon.
             The game lasted 00:03:38 (2294 turns).

namelastname112 the Grasshopper (Draconian Warper)  Turns: 2294, Time: 00:03:39

Health: -2/45      AC:  6    Str: 11 (13) XL:     5   Next: 8%
Magic:  8/8        EV: 12    Int: 13 (14) God:    Ashenzari [*.....]
Gold:   84         SH:  0    Dex:  8 (11) Spells: 2 memorised, 5 levels left

rFire  . . .     SeeInvis .     a - +0 short sword
rCold  . . .     Gourm    .     (armour unavailable)
rNeg   . . .     Faith    .     (no shield)
rPois  .         Spirit   .     (helmet restricted)
rElec  .         Dismiss  .     (no cloak)
rCorr  .         Reflect  .     (no gloves)
SustAt .         Harm     .     j - +0 pair of boots
MR     .....                    (no amulet)
Stlth  +.........               (no ring)
                                (no ring)

@: not resistant to hostile enchantments, very unstealthy
A: unfitting armour, cold-blooded, AC +5
a: Curse Item, Scrying, Renounce Religion


You were on level 4 of the Dungeon.
You worshipped Ashenzari.
Ashenzari was aware of your devotion.
You were not hungry.

You visited 1 branch of the dungeon, and saw 4 of its levels.

You collected 84 gold pieces.

Inventory:

Hand Weapons
 a - a +0 short sword (weapon)
Missiles
 d - 5 tomahawks of dispersal (quivered)
Armour
 j - a +0 pair of boots (worn)
Wands
 q - a wand of random effects (15/48)
 s - a wand of slowing (32/48)
Scrolls
 c - 2 scrolls of blinking
 e - a scroll of immolation {unknown}
 h - 2 scrolls of teleportation {unknown}
 l - 2 scrolls of random uselessness {unknown}
 o - 2 scrolls of identify {unknown}
Potions
 i - a potion of ambrosia {unknown}
 k - a potion of degeneration
 n - a potion of resistance {unknown}
 p - a potion of haste {unknown}
 r - a potion of berserk rage {unknown}
Books
 b - a book of Spatial Translocations

   Spells                             Type                      Level
   a - Apportation                    Translocation                1
   b - Blink                          Translocation                2
   c - Shroud of Golubria             Charms/Translocation         2
   d - Portal Projectile              Translocation                3
   e - Teleport Other                 Translocation                3
   f - Passage of Golubria            Translocation                4
Comestibles
 f - a bread ration
 g - 4 slices of pizza
 m - 2 meat rations
 t - 2 chunks of flesh


   Skills:
 + Level 3.2 Fighting
 * Level 3.0 Short Blades
 - Level 0.8 Throwing
 + Level 2.6 Dodging
 + Level 1.5 Stealth
 + Level 2.4 Spellcasting
 + Level 3.6 Translocations


You had 5 spell levels left.
You knew the following spells:

 Your Spells              Type           Power        Failure   Level  Hunger
e - Apportation           Tloc           ##........   8%          1    #......
x - Blink                 Tloc           N/A          10%         2    ###....


Dungeon Overview and Level Annotations

Branches:
Dungeon (4/15)
 Temple: D:4-7

Altars:
Ashenzari
Cheibriados
Fedhas


Innate Abilities, Weirdness & Mutations

Your plain brown scales are hard. (AC +5)
Your body does not fit into most forms of armour.
You are cold-blooded and may be slowed by cold attacks.


Message History

You hit the centaur but do no damage.
The centaur is severely wounded.
The centaur closely misses you.
You closely miss the centaur.
The centaur is severely wounded.
The centaur barely misses you. The centaur hits you!
* * * LOW HITPOINT WARNING * * *
You take 7 damage, and have 4/45 hp.
Evoke which item? (* to show all) (? for menu, Esc to quit)
Zapping:
q - a wand of random effects (will waste charges)
Press: ? - help, Shift-Dir - straight line, f - centaur
Aim: a centaur (severely wounded)
The centaur seems to speed up.
Evoking this partially-identified wand wasted a few charges.
The centaur barely misses you. The centaur completely misses you.
It was a potion of degeneration.
There was something very wrong with that liquid.
You feel weakened.
You feel dopey.
You feel clumsy. The centaur hits you.
You die...

#...#.# #.....###
#....... .# #....# ..#.
#.(..####....
########..........
#...##............
#...#..##.......# #
#...@c###.......# .
#...### ##...#### .
#...## ##...#### .
#(....###..#..<.# .
#...#.....###.#)## .
........<####..).###.
............###.......
....................≈≈≈
.........#..###..≈/≈


You could see a centaur.

Vanquished Creatures
  A giant frog skeleton (D:4)
  2 adders
  3 gnolls
  A worm (D:3)
  6 dart slugs
  2 giant geckos (D:2)
  A ball python (D:1)
  5 goblins
  13 hobgoblins
  3 jackals
  9 kobolds
  A quokka (D:3)
  3 giant newts (D:2)
  5 rats
55 creatures vanquished.

Notes
Turn   | Place    | Note
--------------------------------------------------------------
     0 | D:1      | namelastname112 the Draconian Warper began the quest for the Orb.
     0 | D:1      | Reached XP level 1. HP: 17/17 MP: 3/3
     0 | D:1      | epen: норм
     0 | D:1      | epen: учи блинк и не жадничай
   134 | D:1      | jacquesderrida: chet BSODnoolsya suka blya
   134 | D:1      | Reached XP level 2. HP: 20/25 MP: 5/5
   135 | D:1      | jacquesderrida: БЛЯ
   314 | D:1      | jacquesderrida: И НАМИР УЖЕ ОТЛЫНИВАЕТ ОТ НОРМАЛЬНЫХ КОМБИНАЦИЙ
   361 | D:1      | jacquesderrida: ОПЯТЬ ДРАГИН ЕБАНЫЙ!!!!!!!!
   363 | D:1      | epen: слыш
   369 | D:1      | jacquesderrida: :ANGRY:
   376 | D:1      | epen: а из драконов норм энчантеры?
   380 | D:1      | jacquesderrida: :FRANTIC:
   421 | D:1      | epen: покажи апту
   421 | D:1      | jacquesderrida: Ne!
   421 | D:1      | namelastname112: -1
   493 | D:1      | Reached XP level 3. HP: 30/30 MP: 6/6
  1324 | D:2      | Found a faded altar of an unknown god.
  1342 | D:2      | Became a worshipper of Ashenzari the Shackled
  1342 | D:2      | Reached * piety under Ashenzari
  1380 | D:2      | Found a blossoming altar of Fedhas.
  1511 | D:3      | Reached XP level 4. HP: 21/37 MP: 7/7
  1520 | D:3      | epen: https://www.youtube.com/watch?v=VQi0dvXxYQM
  1523 | D:3      | Learned a level 2 spell: Blink
  1523 | D:3      | jacquesderrida: На ашензаре
  1614 | D:3      | Reached skill level 1 in Stealth
  1928 | D:3      | Found a snail-covered altar of Cheibriados.
  2097 | D:3      | Reached XP level 5. HP: 22/45 MP: 8/8
  2271 | D:4      | Noticed a centaur
  2274 | D:4      | jacquesderrida: https://www.youtube.com/watch?v=_vO0U8Mc_JY
  2294 | D:4      | Slain by a centaur

Vault maps used:
D:1:      ncdulo_lavacross, serial_forest, infiniplex_forest_corner_2,
          infiniplex_forest_lined_room_, infiniplex_forest_clump_double,
          infiniplex_forest_clump_tiny, infiniplex_forest_clump_long,
          infiniplex_forest_join, infiniplex_forest_straight_2,
          infiniplex_forest_lined_2, solitary_fountain
D:2:      old_standard_altar, ecumenical_altar_2
D:3:      cheibriados_altar_wand_db
D:4:      hangedman_abyss_or_decor_stagger, corexii_item_surrounded_by_moat

Skill      XL: |  1  2  3  4 |
---------------+-------------+-----
Stealth        | 1 |  1.5
Fighting       | 3 |  3.2
Short Blades   | 3 |  3.0
Throwing       | |  0.8
Dodging        | |  2.6
Spellcasting   | |  2.4
Translocations | |  3.6

Action                   |  1- 3 |  4- 6 || total
-------------------------+-------+-------++-------
Melee: Short sword       |   157 |    82 ||   239
       Tailslap          |    16 |     9 ||    25
Evoke: Wand              |       |     1 ||     1
  Use: Potion            |       |     1 ||     1
 Stab: Sleeping          |     2 |       ||     2
       Distracted        |       |     1 ||     1
  Eat: Chunk             |     2 |     3 ||     5
Armor: Skin              |    49 |    19 ||    68
Dodge: Dodged            |    80 |    44 ||   124
